 Dungeon Crawl Stone Soup version bcrawl-1.21.3 (webtiles) character file.

Game seed: 2430657723313323135

228 Flugslaktarn the Skirmisher (level 5, 0/35 HPs)
             Began as a Skeleton Archaeologist on Mar 30, 2020.
             Slain by a hippogriff (4 damage)
             ... on level 3 of the Dungeon.
             The game lasted 00:01:18 (2336 turns).

Flugslaktarn the Skirmisher (SkAc)                  Turns: 2336, Time: 00:01:19

Health: 0/35       AC: 13    Str: 19      XL:     5   Next: 70%
Magic:  0/5        EV:  9    Int: 10 (12) God:
Gold:   142        SH:  0    Dex:  6 (7)  Spells: 4/4 levels left

rFire    . . .     SeeInvis .   k - +2 dagger (venom)
rCold    + . .     Gourm    .   (no shield)
rNeg     + + +     Faith    .   i - +0 chain mail
rPois    ∞         Spirit   +   n - +1 helmet
rElec    .         Reflect  .   (no cloak)
rCorr    .         Harm     .   (no gloves)
MR       .....                  d - +1 pair of boots
Stlth    ..........             (no amulet)
HPRegen  0.11/turn              (no ring)
MPRegen  0.09/turn              (no ring)

@: no status effects
A: no food or potions, cold resistance 1, deterioration 1, negative energy
resistance 3, torment resistance, unbreathing, magic shield, sturdy frame 1,
spell healing
a: no special abilities


You were on level 3 of the Dungeon.
You were not hungry.

You visited 1 branch of the dungeon, and saw 3 of its levels.

You collected 142 gold pieces.

Inventory:

Hand Weapons
 a - a +0 whip
 k - a +2 dagger of venom (weapon)
   (You took it off a goblin on level 1 of the Dungeon)
Armour
 b - a +1 robe
 c - a +1 hat
 d - a +1 pair of boots (worn)
 i - a +0 chain mail (worn)
   (You found it on level 1 of the Dungeon)
 n - a +1 helmet (worn)
   (You found it on level 1 of the Dungeon)
Jewellery
 j - a +3 ring of intelligence {unknown}
   (You found it on level 1 of the Dungeon)
Scrolls
 e - a scroll of magic mapping
 f - a scroll of acquirement
 g - 6 scrolls of teleportation {unknown}
 h - a scroll of noise {unknown}
 l - 3 scrolls of identify {unknown}
 m - a scroll of immolation {unknown}
 o - a scroll of remove curse {unknown}


   Skills:
 * Level 5.1 Fighting
 - Level 1.2 Maces & Flails
 + Level 2.5 Armour
 - Level 3.0 Dodging
 - Level 3.6 Stealth


You had 4 spell levels left.
You didn't know any spells.
Your spell library was empty.

Dungeon Overview and Level Annotations

Branches:
Dungeon (3/12)

Altars:
Trog
The Shining One


Innate Abilities, Weirdness & Mutations

You do not eat or drink.
You are immune to poison.
Your flesh is cold resistant. (rC+)
Your body sometimes deteriorates upon taking damage.
You are immune to negative energy. (rN+++)
You are immune to unholy pain and torment.
You can survive without breathing.
When hurt, damage is shared between your health and your magic reserves.
Your movements are slightly less encumbered by armour. (ER -2)
Casting spells heals you.


Message History

The hippogriff pecks you but does no damage.
The hippogriff claws you but does no damage.
You hit the hippogriff.
The hippogriff looks more poisoned.
The hippogriff is lightly wounded.
The hippogriff bites you!
* * * LOW HITPOINT WARNING * * *
Your body deteriorates!
You feel dopey. The hippogriff pecks you.
* * * LOW HITPOINT WARNING * * *
The hippogriff claws you.
* * * LOW HITPOINT WARNING * * *
You are too injured to fight recklessly!
You are too injured to fight recklessly!
You are too injured to fight recklessly!
You are too injured to fight recklessly!
You are too injured to fight recklessly!
You are too injured to fight recklessly!
A hippogriff is nearby!
The hippogriff completely misses you. The hippogriff pecks you.
You die...

###.....!.#..# #.#
##.....##..####.###
##...##...##.....#
##.##.......#.#.#
#.......##.#...#
#.##.##.####.###.# . #.
#.##....#.....#
#.##.##.......#H###.#
#........#.#..#@# #.# #######
...............# #.# #......
#.#..........#####.######.#####
#...........####.......##.#####
#.....<............##..#...#...
#.....†....#####!##.....).>#.##
###.......## #.##.#..#†..#.##
##.....(## #.......##......
##......# #......###.##.##


You could see a hippogriff.

Vanquished Creatures
  A big kobold (D:3)
  A crimson imp (D:3)
  3 gnolls (D:3)
  2 adders (D:3)
  A worm (D:3)
  4 dart slugs
  4 leopard geckos
  3 orcs
  A ball python (D:1)
  4 bats
  2 giant cockroaches
  7 hobgoblins
  5 jackals
  2 quokkas (D:3)
  5 frilled lizards
  4 goblins
  5 kobolds
  6 rats
60 creatures vanquished.

Notes
Turn   | Place    | Note
-------+----------+-------------------------------------------
     0 | D:1      | Flugslaktarn the Skeleton Archaeologist began the quest for
                  | the Orb.
     0 | D:1      | Reached XP level 1. HP: 12/12 MP: 1/1
   143 | D:1      | Reached skill level 2 in Fighting
   191 | D:1      | Reached XP level 2. HP: 16/17 MP: 2/2
   348 | D:1      | Reached skill level 3 in Fighting
   359 | D:1      | Reached XP level 3. HP: 23/23 MP: 3/3
  1490 | D:2      | Found a glowing golden altar of the Shining One.
  1878 | D:3      | Reached skill level 4 in Fighting
  1878 | D:3      | Reached skill level 1 in Armour
  1878 | D:3      | Reached XP level 4. HP: 27/29 MP: 4/4
  1936 | D:3      | Noticed a big kobold
  1951 | D:3      | Killed a big kobold
  1951 | D:3      | Reached XP level 5. HP: 28/34 MP: 5/5
  1951 | D:3      | Identified a scroll of acquirement
  2138 | D:3      | Reached skill level 5 in Fighting
  2315 | D:3      | Found a bloodstained altar of Trog.
  2316 | D:3      | Noticed a hippogriff
  2336 | D:3      | Slain by a hippogriff

Skill      XL: |  1  2  3  4  5 |
---------------+----------------+-----
Fighting       | 2 3 4 5 |  5.1
Armour         | 1 2 |  2.5
Maces & Flails | |  1.2
Dodging        | |  3.0
Stealth        | |  3.6

Action                   |  1- 3 |  4- 6 || total
-------------------------+-------+-------++-------
Melee: Whip              |    38 |       ||    38
       Dagger            |   115 |    85 ||   200
Armor: Chain mail        |   108 |    53 ||   161
Dodge: Dodged            |    73 |    43 ||   116
